 Dungeon Crawl Stone Soup version 0.23-a0-435-g79ed067 (webtiles) character file.

29 galech the Skirmisher (level 3, 29/29 HPs)
             Began as a Demonspawn Fighter on Nov 15, 2018.
             Quit the game on level 1 of the Dungeon.
             The game lasted 00:00:50 (541 turns).

galech the Skirmisher (Demonspawn Fighter)           Turns: 541, Time: 00:00:50

Health: 29/29      AC:  9    Str: 16    XL:     3   Next: 1%
Magic:  3/3        EV:  4    Int:  9    God:
Gold:   25         SH:  9    Dex: 13    Spells: 2/2 levels left

rFire    . . .     SeeInvis .   a - +0 war axe
rCold    . . .     Gourm    .   c - +0 shield
rNeg     . . .     Faith    +   l - +0 chain mail
rPois    .         Spirit   .   (helmet restricted)
rElec    .         Reflect  .   (no cloak)
rCorr    .         Harm     .   (no gloves)
MR       .....                  (no boots)
Stlth    ..........             j - amulet of faith
HPRegen  0.09/turn              (no ring)
MPRegen  0.08/turn              (no ring)

@: no status effects
A: antennae 1, hooves 1
a: no special abilities


You were on level 1 of the Dungeon.
You were not hungry.

You visited 1 branch of the dungeon, and saw 1 of its levels.

You collected 25 gold pieces.

Inventory:

Hand Weapons
 a - a +0 war axe (weapon)
Armour
 b - a +0 scale mail
 c - a +0 shield (worn)
 l - a +0 chain mail (worn)
Jewellery
 j - an amulet of faith (around neck)
Scrolls
 h - 3 scrolls of teleportation {unknown}
Potions
 d - a potion of might
 e - 3 potions of curing {unknown}
 i - a potion of degeneration {unknown}
 k - a potion of haste {unknown}
 m - a potion of agility {unknown}
Comestibles
 f - 2 rations
 g - 6 chunks of flesh


   Skills:
 + Level 3.3 Fighting
 + Level 2.1 Axes
 + Level 3.0 Armour
 + Level 0.1 Dodging
 + Level 3.0 Shields


You had 2 spell levels left.
You didn't know any spells.
Your spell library was empty.

Dungeon Overview and Level Annotations

Branches:
Dungeon (1/15)

Altars:
Cheibriados


Innate Abilities, Weirdness & Mutations

You have a pair of small antennae on your head.
You have large cloven feet.


Message History

No target in view!
No target in view!
m - a viscous emerald potion
Found a spear.
An ooze comes into view.
The ooze quivers.
An ooze is nearby!
You slash the ooze! You kick the ooze.
The ooze is almost dead.
The ooze hits you but does no damage.
You slash the ooze!
You kill the ooze!
You have reached level 3!
Your experience leads to an increase in your attributes!
Increase (S)trength, (I)ntelligence, or (D)exterity?
You feel agile.
Your demonic ancestry asserts itself...
A pair of antennae grows on your head!
You sense a monster nearby.
You see here a spear.
Are you sure you want to abandon this character and quit the game? (Confirm

### ### #### #..
..### ..(.
..###..... #.###
..#...# .....
#.....# #.###
#@....# #.###
#{##.#..# #....
#.##.#..############
#................###
####.###.#######.#..
#........#.....#.#.#
#........#.....#.#.#
#.##.##..#.......#.#
#.##.##..#.....#....


There were no monsters in sight!

Vanquished Creatures
  2 oozes (D:1)
  A leopard gecko (D:1)
  A bat (D:1)
  2 giant cockroaches (D:1)
  2 goblins (D:1)
  3 hobgoblins (D:1)
  3 kobolds (D:1)
  3 frilled lizards (D:1)
  A rat (D:1)
18 creatures vanquished.

Notes
Turn   | Place    | Note
-------+----------+-------------------------------------------
     0 | D:1      | galech the Demonspawn Fighter began the quest for the Orb.
     0 | D:1      | Reached XP level 1. HP: 18/18 MP: 1/1
   244 | D:1      | Gained mutation: You have large cloven feet. [demonic
                  | ancestry]
   244 | D:1      | Reached XP level 2. HP: 23/24 MP: 2/2
   346 | D:1      | Found a snail-covered altar of Cheibriados.
   539 | D:1      | Gained mutation: You have a pair of small antennae on your
                  | head. [demonic ancestry]
   539 | D:1      | Reached XP level 3. HP: 29/29 MP: 3/3
   541 | D:1      | Quit the game

Vault maps used:
D:1:      lightli_arrival_noodles, cheibriados_altar_1

Skill      XL: |  1  2 |
---------------+-------+-----
Shields        | 3 |  3.0
Axes           | 2 |  2.1
Armour         | 3 |  3.0
Fighting       | |  3.3
Dodging        | |  0.1

Action                   || total
-------------------------++-------
Melee: War axe           ||    67
       Kick              ||     4
Armor: Scale mail        ||    24
       Chain mail        ||     3
Dodge: Dodged            ||    20
Block: Shield            ||    33

Table legend:
 A = Non-vault XP
 B = Vault XP
 C = Vault XP percentage of total XP
 D = Non-vault monster count
 E = Vault monster count
 F = Vault count percentage of total count
                 A         B        C        D         E       F
            +---------+---------+-------+---------+---------+-------
      Total |      42 |       0 |   0.0 |      18 |       0 |   0.0
            +---------+---------+-------+---------+---------+-------
        D:1 |      42 |       0 |   0.0 |      18 |       0 |   0.0
            +---------+---------+-------+---------+---------+-------
